 Dungeon Crawl Stone Soup version 0.27-a0-1139-g28e009f8a6 (webtiles) character file.

Game seed: 16200682052966552914

2 jestyr24 the Caller (level 1, 0/13 HPs)
             Began as a Merfolk Summoner on May 7, 2021.
             Slain by a jackal (2 damage)
             ... on level 1 of the Dungeon.
             The game lasted 00:04:17 (207 turns).

jestyr24 the Caller (Merfolk Summoner)               Turns: 207, Time: 00:04:17

Health: 0/13       AC:  2    Str:  8    XL:     1   Next: 30%
Magic:  1/3        EV: 12    Int: 14    God:
Gold:   0          SH:  0    Dex: 14    Spells: 3/4 levels left

rFire    . . .     SeeInvis .   (no weapon)
rCold    . . .     Faith    .   (no shield)
rNeg     . . .     Spirit   .   a - +0 robe
rPois    .         Reflect  .   (no helmet)
rElec    .         Harm     .   (no cloak)
rCorr    .         Rampage  .   (no gloves)
Will     .....                  (no boots)
Stlth    ++........             (no amulet)
HPRegen  0.04/turn              (no ring)
MPRegen  0.08/turn              (no ring)

@: no status effects
A: (nimble swimmer 2), mertail
a: no special abilities


You were on level 1 of the Dungeon.
You visited 1 branch of the dungeon, and saw 1 of its levels.

Inventory:

Armour
 a - a +0 robe (worn)


   Skills:
 + Level 2.6 Dodging
 + Level 2.1 Stealth
 * Level 2.1 Spellcasting
 + Level 4.0 Summonings


You had 3 spell levels left.
You knew the following spells:

 Your Spells              Type           Power      Damage    Failure   Level
a - Summon Small Mammal   Summ           48%        N/A       4%          1

Your spell library contained the following spells:

 Spells                   Type           Power      Damage    Failure   Level
 Call Imp                 Summ           12%        N/A       7%          2
 Call Canine Familiar     Summ           12%        N/A       14%         3
 Summon Guardian Golem    Hex/Summ       7%         N/A       30%         3
 Summon Ice Beast         Ice/Summ       7%         N/A       71%         4
 Summon Lightning Spire   Summ/Air       7%         N/A       71%         4


Dungeon Overview and Level Annotations

Branches:
Dungeon (1/15)

Altars:


Innate Abilities, Weirdness & Mutations

((You are quick and stealthy near water. (Stealth+, EV+, Speed+++)))
Your lower body shifts to a powerful aquatic tail in water.


Message History

You barely miss the jackal.
The jackal is heavily wounded.
The jackal barely misses you. x2; Your quokka bites the jackal.
The jackal barely misses you. The jackal bites you.
You miss the jackal.
The jackal is heavily wounded.
Your quokka bites the jackal but does no damage.
The jackal bites you. x2
* * * LOW HITPOINT WARNING * * *
Your quokka closely misses the jackal.
Your quokka barely misses the jackal.
Casting: Summon Small Mammal (safe; 4% risk of failure)
Confirm with . or Enter, or press ? or * to list all spells.
The jackal completely misses your bat.
The jackal bites you but does no damage.
Your quokka bites the jackal.
You barely miss the jackal.
The jackal is moderately wounded.
Your bat completely misses the jackal.
The jackal completely misses your quokka.
Your bat misses the jackal. The jackal bites you.
* * * LOW HITPOINT WARNING * * *
Your quokka closely misses the jackal.
The jackal barely misses your quokka.
Your bat barely misses the jackal.
You closely miss the jackal.
The jackal is moderately wounded.
Your bat hits the jackal but does no damage.
The jackal barely misses you.
Your bat barely misses the jackal.
Your quokka barely misses the jackal.
The jackal closely misses your quokka. The jackal completely misses you.
Your bat hits the jackal but does no damage.
You barely miss the jackal.
The jackal is moderately wounded.
Your bat hits the jackal. The jackal closely misses your quokka.
Your bat barely misses the jackal.
Your quokka barely misses the jackal.
The jackal barely misses you.
The jackal bites your quokka but does no damage.
Your bat closely misses the jackal.
Your quokka bites the jackal.
The jackal dies!
Your bat closely misses the jackal.
The jackal bites you.
You die...

#...... #......
.....
######...######
#....#...#....#
#..÷.#...#..<.#
....##'##....#
###'##...###'##
+...†'..r†b.@#
##...##.###h##
#.....#....##
.....#...##...#
#.#....#.....##
# ##........##
.......##.#
.....#...###
..#######


You could see a jackal (ally target), a friendly quokka (summoned) and a
friendly bat (summoned).

Vanquished Creatures
  A jackal (D:1)
1 creature vanquished.

Vanquished Creatures (collateral kills)
  A jackal (D:1)
  A bat (D:1)
2 creatures vanquished.

Grand Total: 3 creatures vanquished

Notes
Turn   | Place    | Note
-------+----------+-------------------------------------------
     0 | D:1      | jestyr24 the Merfolk Summoner began the quest for the Orb.
     0 | D:1      | Reached XP level 1. HP: 13/13 MP: 3/3
   207 | D:1      | Slain by a jackal

Illustrated notes

Levels and vault maps discovered:
D:1:      arrival_zaba_pyramid, layout_basic,
          shapermc_ecumenical_altar_mp_vishouse

Action                   || total
-------------------------++-------
Melee: Unarmed           ||    22
 Cast: Summon Small Mamm ||     6
Armor: Robe              ||     9
Dodge: Dodged            ||    27

Table legend: (Time is in decaauts)
 A = Elapsed time spent in this place.
 B = Non-inter-level travel time spent in this place.
 C = Inter-level travel time spent in this place.
 D = Time resting spent in this place.
 E = Time spent auto-exploring this place.
 F = Levels seen in this place.
 G = Mean time per level.
                   A        B        C        D        E       F      G
               +--------+--------+--------+--------+--------+-----+--------+
         Total |    207 |    207 |      0 |    135 |      0 |   1 |  207.0 |
       Dungeon |    207 |    207 |      0 |    135 |      0 |   1 |  207.0 |
               +--------+--------+--------+--------+--------+-----+--------+

Top non-repeatable levels by time:
     D:1: 207 daAuts
